 Dungeon Crawl Stone Soup version 0.31.0-32-g396128a36d (webtiles) character file.

Game seed: 17720883849139329639

611 PaiMei the Trooper (level 7, -3/62 HPs)
             Began as a Hill Orc Fighter on Apr 23, 2024.
             Was an Initiate of Beogh.
             Slain by an ogre
             ... wielding a +0 giant club
              (13 damage)
             ... on level 5 of the Dungeon.
             The game lasted 00:07:54 (5619 turns).

PaiMei the Trooper (Hill Orc Fighter)               Turns: 5619, Time: 00:07:54

Health: -3/62      AC:  7    Str: 21    XL:     7   Next: 43%
Magic:  7/7        EV:  9    Int:  8    God:    Beogh [......]
Gold:   154        SH:  5    Dex: 10    Spells: 6/6 levels left

rFire   . . .        s - +1 spear (venom)
rCold   . . .        c - +0 buckler
rNeg    . . .        b - +0 scale mail
rPois   .            (no helmet)
rElec   .            (no cloak)
rCorr   .            (no gloves)
SInv    .            (no boots)
Will    .....        (no amulet) Stlth
                     (no ring)
HPRegen 0.30/turn    (no ring)
MPRegen 0.10/turn

%: no passive effects
@: no status effects
A: no striking features
a: Renounce Religion


You were on level 5 of the Dungeon.
You worshipped Beogh.
Beogh was noncommittal.
You visited 1 branch of the dungeon, and saw 5 of its levels.

You collected 154 gold pieces.

Inventory:

Hand Weapons
 a - a +0 war axe
 s - a +1 spear of venom (weapon)
Missiles
 q - 5 poisoned darts (quivered)
 v - a throwing net
Armour
 b - a +0 scale mail (worn)
 c - a +0 buckler (worn)
 w - a scarf of invisibility
Jewellery
 j - a ring of fire
 x - a ring of wizardry
Wands
 l - a wand of flame (24)
 r - a wand of charming (9)
Scrolls
 e - 2 scrolls of noise {unknown}
 g - 2 scrolls of identify {unknown}
 h - 2 scrolls of teleportation {unknown}
 i - a scroll of blinking {unknown}
 m - 2 scrolls of enchant armour {unknown}
 t - 2 scrolls of fog {unknown}
 u - a scroll of poison {unknown}
Potions
 d - 3 potions of might
 f - 3 potions of ambrosia {unknown}
 k - 3 potions of attraction
 n - a potion of heal wounds {unknown}
 o - 2 potions of brilliance {unknown}
 p - a potion of curing


   Skills:
 + Level 5.8 Fighting
 + Level 5.8 Axes
 + Level 5.3 Armour
 + Level 5.3 Shields


You had 6 spell levels left.
You didn't know any spells.
Your spell library contained the following spells:

 Spells                   Type           Power      Damage    Failure   Level
 Slow                     Hex            0%         N/A       80%         1
 Ensorcelled Hibernation  Hex/Ice        0%         N/A       90%         2
 Lesser Beckoning         Tloc           0%         N/A       90%         2
 Confusing Touch          Hex            0%         N/A       99%         3
 Gell's Gravitas          Tloc           0%         N/A       99%         3
 Passwall                 Erth           0%         N/A       99%         3
 Sigil of Binding         Hex            0%         N/A       99%         3
 Swiftness                Air            0%         N/A       99%         3
 Teleport Other           Tloc           0%         N/A       99%         3
 Vampiric Draining        Necr           0%         2d6       99%         3
 Animate Armour           Summ/Erth      0%         N/A       100%        4
 Summon Lightning Spire   Summ/Air       0%         N/A       100%        4
 Lee's Rapid Deconstruct  Erth           0%         3d4*      100%        5
 Sculpt Simulacrum        Ice/Alch       0%         N/A       100%        6
 Ozocubu's Refrigeration  Ice            0%         4d7       100%        7
 Polar Vortex             Ice            0%         N/A       100%        9


Dungeon Overview and Level Annotations

Branches:
Dungeon (5/15)             Temple (0/1) D:5

Altars:
Okawaru


Message History

The iguana bites you!
An iguana is nearby!
You hit the iguana but do no damage. The iguana barely misses you.
You hit the iguana.
The iguana is lightly wounded.
The iguana closely misses you.
You hit the iguana.
The iguana is poisoned.
The iguana is lightly wounded.
The iguana closely misses you.
You hit the iguana.
The iguana looks as sick as possible!
The iguana is moderately wounded.
The iguana completely misses you.
You hit the iguana.
The iguana looks as sick as possible!
The iguana is heavily wounded.
The iguana bites you but does no damage.
You barely miss the iguana.
The iguana is heavily wounded.
The iguana barely misses you.
You hit the iguana.
The iguana looks as sick as possible!
The iguana is severely wounded.
You kill the iguana!
Beogh accepts your kill.
You see here an iguana corpse.
You start resting.
HP restored.
You start waiting.
Done waiting.
An ogre comes into view. It is wielding a +0 giant club.
An ogre is nearby!
The ogre hits you with a +0 giant club!!
Ouch! That really hurt!
You barely miss the ogre. You hit the ogre.
The ogre is poisoned.
The ogre is lightly wounded.
The ogre hits you with a +0 giant club!!
* * * LOW HITPOINT WARNING * * *
You hit the ogre but do no damage.
The ogre is lightly wounded.
The ogre hits you with a +0 giant club!
You die...

......#
#.........####
......#
######.##.....
......# #.#
.#### ......# #
#.##.# ........
##. #....##
......##.....
###....##
......# ##...
#.#..# .......
+....###.##.#
.....#
#....O@#.##.#
..o..##
#....#...##.# #
......# #...
##...#.###.#
....o.### #..
##........#
...<....# #.
####.##.########
.......## #
........†.......
.......#
####.##)########
.......###
####....#######
.........
........[......


You could see an ogre (very poisoned).

Vanquished Creatures
  An ogre (D:5)
  A scorpion (D:5)
  2 hounds (D:5)
  A bombardier beetle (D:3)
  A jelly (D:5)
  A sleepcap (D:4)
  2 iguanas (D:5)
  2 orc wizards (D:5)
  7 gnolls
  5 adders
  4 dart slugs
  A ribbon worm (D:5)
  14 orcs
  5 bats
  3 endoplasms
  3 giant cockroaches
  7 goblins
  9 hobgoblins
  11 jackals
  2 quokkas
  7 ball pythons
  A frilled lizard (D:1)
  5 kobolds
  4 rats
99 creatures vanquished.

Notes
Turn   | Place    | Note
-------+----------+-------------------------------------------
     0 | D:1      | PaiMei the Hill Orc Fighter began the quest for the Orb.
     0 | D:1      | Reached XP level 1. HP: 19/19 MP: 1/1
   246 | D:1      | Reached XP level 2. HP: 26/27 MP: 2/2
   652 | D:1      | Reached XP level 3. HP: 28/33 MP: 3/3
  2052 | D:2      | Reached XP level 4. HP: 36/40 MP: 4/4
  2242 | D:3      | Found an iron altar of Okawaru.
  2402 | D:3      | Reached XP level 5. HP: 46/47 MP: 5/5
  2438 | D:3      | Noticed a black bear
  3725 | D:5      | Entered Level 5 of the Dungeon
  3897 | D:5      | Noticed an ogre
  4106 | D:5      | Killed an ogre
  4107 | D:5      | Reached skill level 5 in Fighting
  4107 | D:5      | Reached XP level 6. HP: 22/56 MP: 6/6
  4230 | D:5      | Reached skill level 5 in Axes
  4805 | D:5      | Reached skill level 5 in Armour
  4812 | D:5      | Reached skill level 5 in Shields
  4817 | D:5      | Reached XP level 7. HP: 22/61 MP: 7/7
  4994 | D:5      | Became a worshipper of Beogh the Brigand
  5094 | D:5      | Found a staircase to the Ecumenical Temple.
  5619 | D:5      | Slain by an ogre

Illustrated notes

Levels and vault maps discovered:
D:1:      co_arrival_hexagon_in_a_hexagon, layout_loops_corners,
          serial_bayou_crossing
D:2:      layout_basic, grunt_decor_junction, grunt_ministairs_6
D:3:      minmay_chambers_of_threes, layout_loops_ring,
          mainiacjoe_overflow_large_starburst
D:4:      layout_basic
D:5:      layout_basic, minmay_temple_entry_offerings

Skill      XL: |  1  2  3  4  5  6 |
---------------+-------------------+-----
Axes           | 3 4 5 |  5.8
Fighting       | 4 5 |  5.8
Shields        | 4 5 |  5.3
Armour         | 4 5 |  5.3

Action                     |  1- 3 |  4- 6 |  7- 9 || total
---------------------------+-------+-------+-------++-------
  Melee: War axe           |   126 |    82 |       ||   208
         Spear             |       |    87 |    44 ||   131
 Invoke: Convert to Beogh  |       |       |     1 ||     1
    Use: Potion            |       |     2 |       ||     2
 Armour: Scale mail        |   119 |   110 |    31 ||   260
  Dodge: Dodged            |    78 |    75 |    18 ||   171
  Block: Buckler           |    27 |    47 |    12 ||    86
